3A
IDAHO FALLS CHUKARS @ ATHLETIC CLUB KC U-24
05/05/2042
 
TOP OF THE 1ST
Idaho Falls Chukars batting - Pitching for Athletic Club KC U-24 : RHP Bryan Werner
Pitching: RHP Bryan Werner
Batting: LHB Steve Jones 0-0: Foul Ball, location: 2F
0-1: Ball
1-1: Ball
2-1: SINGLE (Groundball, 4MD, EV 99.4 MPH)
Batting: RHB Cor van Capelleveen 0-0: Ball
1-0: Ball
2-0: Called Strike
2-1: Foul Ball, location: 2F
2-2: Strikes out swinging
Batting: LHB Taroemon Nishii 0-0: Called Strike
Steve Jones steals 2nd base
0-1: Ball
1-1: Ball
2-1: Fly out, F8 (Flyball, 78XD, EV 93.1 MPH)
Batting: RHB Matt Fuller 0-0: Ball
1-0: Foul Ball, location: 2F
1-1: Ball
2-1: Ball
3-1: Foul Ball, location: 2F
3-2: Strikes out swinging
Top of the 1st over - 0 runs, 1 hit, 0 errors, 1 left on base; Idaho Falls 0 - Athletic Club KC 0
BOTTOM OF THE 1ST
Athletic Club KC U-24 batting - Pitching for Idaho Falls Chukars : RHP Zack Ford
Pitching: RHP Zack Ford
Batting: SHB Benedito Ahulani 0-0: Called Strike
0-1: Ground out 6-3 (Groundball, 6, EV 88.1 MPH)
Batting: RHB Pedro Píaz 0-0: Fly out, F8 (Line Drive, 8RM, EV 91.9 MPH)
Batting: LHB Greg Flynn 0-0: Called Strike
0-1: Ball
1-1: Ball
2-1: Fly out, F8 (Flyball, 8LS, EV 86.9 MPH)
Bottom of the 1st over - 0 runs, 0 hits, 0 errors, 0 left on base; Idaho Falls 0 - Athletic Club KC 0
TOP OF THE 2ND
Idaho Falls Chukars batting - Pitching for Athletic Club KC U-24 : RHP Bryan Werner
Batting: LHB Alberto Medellín 0-0: Ball
1-0: Called Strike
1-1: Fly out, F8 (Flyball, 8LD, EV 93.1 MPH)
Batting: RHB Nelson Moore 0-0: Foul Ball, location: 2F
0-1: Ball
1-1: Ball
2-1: Called Strike
2-2: Ball
3-2: Strikes out swinging
Batting: RHB Tony Moore 0-0: Ball
1-0: Ball
2-0: Ball
3-0: Called Strike
3-1: Foul Ball, location: 2F
3-2: Base on Balls
Batting: RHB Nick Yeend 0-0: Ball
1-0: Ball
2-0: Ball
3-0: Called Strike
3-1: Foul Ball, location: 2F
3-2: Base on Balls
Tony Moore to second
Batting: RHB Vincent Robertson 0-0: Fly out, F9 (Line Drive, 9, EV 94.4 MPH)
Top of the 2nd over - 0 runs, 0 hits, 0 errors, 2 left on base; Idaho Falls 0 - Athletic Club KC 0
BOTTOM OF THE 2ND
Athletic Club KC U-24 batting - Pitching for Idaho Falls Chukars : RHP Zack Ford
Batting: LHB Ramiro Curran 0-0: Fly out, F8 (Flyball, 8LD, EV 101.2 MPH)
Batting: RHB James Allingham 0-0: DOUBLE (Line Drive, 9LM, EV 108.1 MPH)
Batting: RHB Doug Bishop 0-0: Called Strike
0-1: SINGLE (Groundball, 4M, EV 83.1 MPH) (infield hit)
James Allingham to third
Pinch Runner at 1st Derek Robinson:
Batting: RHB Yukinaga Hakui 0-0: Ball
1-0: Ball
2-0: SINGLE (Line Drive, 6MD, EV 98.1 MPH)
James Allingham scores
Derek Robinson to second
Batting: RHB Leon Burns 0-0: Swinging Strike
0-1: Swinging Strike
0-2: Ball
1-2: Strikes out looking
Batting: RHB Darren Hunt 0-0: Ball
1-0: Ball
2-0: Called Strike
2-1: Ball
3-1: Called Strike
3-2: Ground out 6-3 (Groundball, 56, EV 83.8 MPH)
Bottom of the 2nd over - 1 run, 3 hits, 0 errors, 2 left on base; Idaho Falls 0 - Athletic Club KC 1
TOP OF THE 3RD
Idaho Falls Chukars batting - Pitching for Athletic Club KC U-24 : RHP Bryan Werner
Now at C: Emílio Jover
Batting: LHB Steve Jones 0-0: Called Strike
0-1: Ball
1-1: Foul Ball, location: 2F
1-2: Strikes out swinging
Batting: RHB Cor van Capelleveen 0-0: Fly out, F9 (Flyball, 89M, EV 90.6 MPH)
Batting: LHB Taroemon Nishii 0-0: Ball
1-0: Called Strike
1-1: Foul Ball, location: 2F
1-2: Strikes out looking
Top of the 3rd over - 0 runs, 0 hits, 0 errors, 0 left on base; Idaho Falls 0 - Athletic Club KC 1
BOTTOM OF THE 3RD
Athletic Club KC U-24 batting - Pitching for Idaho Falls Chukars : RHP Zack Ford
Batting: SHB Benedito Ahulani 0-0: Fly out, F8 (Flyball, 8RD, EV 103.8 MPH)
Batting: RHB Pedro Píaz 0-0: Ball
1-0: Foul Ball, location: 2F
1-1: Ball
2-1: Called Strike
2-2: Strikes out looking
Batting: LHB Greg Flynn 0-0: Foul Ball, location: 2F
0-1: SINGLE (Flyball, 89S, EV 91.9 MPH)
Batting: LHB Ramiro Curran 0-0: Ball
1-0: Reached on error, E6 (Groundball, 6, EV 88.1 MPH)
Greg Flynn to second
Batting: RHB James Allingham 0-0: Called Strike
0-1: Ball
1-1: Fielders Choice at 2nd, 6-4 (Groundball, 6D, EV 101.2 MPH)
Bottom of the 3rd over - 0 runs, 1 hit, 1 error, 2 left on base; Idaho Falls 0 - Athletic Club KC 1
TOP OF THE 4TH
Idaho Falls Chukars batting - Pitching for Athletic Club KC U-24 : RHP Bryan Werner
Batting: RHB Matt Fuller 0-0: Called Strike
0-1: Called Strike
0-2: Ball
1-2: TRIPLE (Line Drive, 9LD, EV 108.8 MPH)
Batting: LHB Alberto Medellín 0-0: Ball
1-0: Ball
2-0: Ball
3-0: Called Strike
3-1: DOUBLE (Groundball, 3L, EV 103.1 MPH)
Matt Fuller scores
Batting: RHB Nelson Moore 0-0: Ball
1-0: Called Strike
1-1: Swinging Strike
1-2: Ball
2-2: Ball
3-2: Foul Ball, location: 2F
3-2: Ground out 5-3 (Groundball, 56S, EV 82.5 MPH)
Batting: RHB Tony Moore 0-0: Called Strike
0-1: Ball
1-1: Ball
2-1: Foul Ball, location: 2F
2-2: Strikes out swinging, 2-3 out at first.
Batting: RHB Nick Yeend 0-0: Swinging Strike
0-1: Called Strike
0-2: Foul Ball, location: 2F
0-2: Ground out 4-3 (Groundball, 4MD, EV 110.0 MPH)
Top of the 4th over - 1 run, 2 hits, 0 errors, 1 left on base; Idaho Falls 1 - Athletic Club KC 1
BOTTOM OF THE 4TH
Athletic Club KC U-24 batting - Pitching for Idaho Falls Chukars : RHP Zack Ford
Batting: SHB Emílio Jover 0-0: SINGLE (Groundball, 34S, EV 89.4 MPH) (infield hit)
Batting: RHB Yukinaga Hakui 0-0: Swinging Strike
0-1: Ball
1-1: SINGLE (Line Drive, 34, EV 109.4 MPH)
Emílio Jover to second
Batting: RHB Leon Burns 0-0: Foul Ball, location: 2F
0-1: Ball
1-1: Fly out, F8 (Flyball, 8RM, EV 81.9 MPH)
Batting: RHB Darren Hunt 0-0: Called Strike
0-1: Foul Ball, location: 2F
0-2: Ball
1-2: Ball
2-2: Fly out, F8 (Flyball, 8RXD, EV 96.9 MPH)
Runner from 2nd tags up, SAFE at 3rd, no throw by CF
Batting: SHB Benedito Ahulani 0-0: Ball
1-0: Fly out, F8 (Flyball, 8RD, EV 75.0 MPH)
Bottom of the 4th over - 0 runs, 2 hits, 0 errors, 2 left on base; Idaho Falls 1 - Athletic Club KC 1
TOP OF THE 5TH
Idaho Falls Chukars batting - Pitching for Athletic Club KC U-24 : RHP Bryan Werner
Batting: RHB Vincent Robertson 0-0: Ball
1-0: Foul Ball, location: 2F
1-1: Ball
2-1: Ball
3-1: Foul Ball, location: 2F
3-2: Foul Ball, location: 2F
3-2: Strikes out swinging
Batting: LHB Steve Jones 0-0: Called Strike
0-1: Ground out 4-3 (Groundball, 4, EV 94.4 MPH)
Batting: RHB Cor van Capelleveen 0-0: Foul Ball, location: 2F
0-1: Ball
1-1: Ball
2-1: SINGLE (Groundball, 6D, EV 96.2 MPH)
Batting: LHB Taroemon Nishii 0-0: Fly out, F9 (Flyball, 9D, EV 93.8 MPH)
Top of the 5th over - 0 runs, 1 hit, 0 errors, 1 left on base; Idaho Falls 1 - Athletic Club KC 1
BOTTOM OF THE 5TH
Athletic Club KC U-24 batting - Pitching for Idaho Falls Chukars : RHP Zack Ford
Batting: RHB Pedro Píaz 0-0: Called Strike
0-1: Ball
1-1: Ball
2-1: Ball
3-1: Base on Balls
Batting: LHB Greg Flynn 0-0: Ball
1-0: Foul Ball, location: 2F
1-1: SINGLE (Line Drive, 89S, EV 95.6 MPH)
Pedro Píaz to second
Runner from 2nd tries for 3rd, SAFE, no throw by RF
Batting: LHB Ramiro Curran 0-0: Ball
1-0: Ball
2-0: SINGLE (Flyball, 78S, EV 99.4 MPH)
Pedro Píaz scores
Greg Flynn to second
Batting: RHB James Allingham 0-0: SINGLE (Line Drive, 4MD, EV 97.5 MPH)
Greg Flynn to third
Ramiro Curran to second
Batting: SHB Emílio Jover 0-0: SINGLE (Line Drive, 78S, EV 88.1 MPH)
Greg Flynn scores
Ramiro Curran to third
James Allingham to second
Runner from 3rd tries for Home, SAFE, no throw by LF
Batting: RHB Yukinaga Hakui 0-0: Called Strike
0-1: Bunted foul
0-2: Reached on error, E3 (Groundball, 3, EV 90.6 MPH)
James Allingham to third
Emílio Jover to second
Batting: RHB Leon Burns 0-0: Ball
Passed Ball!
James Allingham scores
Emílio Jover to third
Yukinaga Hakui to second
1-0: Ball
2-0: Ball
Wild Pitch!
Emílio Jover scores
Yukinaga Hakui to third
3-0: Called Strike
3-1: Foul Ball, location: 2F
3-2: Foul Ball, location: 2F
3-2: Base on Balls
Pitching: RHP Andy Burns
Batting: RHB Darren Hunt 0-0: Fly out, F5 (Popup, 5SF, EV 80.0 MPH)
Batting: SHB Benedito Ahulani 0-0: Ball
1-0: Called Strike
1-1: Ball
2-1: Ball
3-1: Called Strike
3-2: Fly out, F8 (Flyball, 8RM, EV 88.8 MPH)
Batting: RHB Pedro Píaz 0-0: Swinging Strike
0-1: Ball
1-1: Ball
2-1: Ground out 5-3 (Groundball, 56S, EV 68.8 MPH)
Bottom of the 5th over - 5 runs, 4 hits, 1 error, 2 left on base; Idaho Falls 1 - Athletic Club KC 6
TOP OF THE 6TH
Idaho Falls Chukars batting - Pitching for Athletic Club KC U-24 : RHP Bryan Werner
Batting: RHB Matt Fuller 0-0: Called Strike
0-1: Ball
1-1: Ball
2-1: Swinging Strike
2-2: Foul Ball, location: 2F
2-2: Ground out 5-3 (Groundball, 56S, EV 67.5 MPH)
Pitching: LHP Dave Williams
Batting: LHB Alberto Medellín 0-0: Ball
1-0: Ground out 1-3 (Groundball, 34S, EV 86.9 MPH)
Batting: RHB Nelson Moore 0-0: SINGLE (Groundball, 4D, EV 93.8 MPH)
Batting: RHB Tony Moore 0-0: SINGLE (Line Drive, 89S, EV 102.5 MPH)
Nelson Moore to second
Runner from 2nd tries for 3rd, SAFE, no throw by RF
Batting: RHB Nick Yeend 0-0: Swinging Strike
0-1: Ball
1-1: Called Strike
1-2: Foul Ball, location: 2F
1-2: Foul Ball, location: 2F
1-2: Fly out, F8 (Flyball, 8LM, EV 84.4 MPH)
Top of the 6th over - 0 runs, 2 hits, 0 errors, 2 left on base; Idaho Falls 1 - Athletic Club KC 6
BOTTOM OF THE 6TH
Athletic Club KC U-24 batting - Pitching for Idaho Falls Chukars : RHP Andy Burns
Batting: LHB Greg Flynn 0-0: Ball
1-0: SINGLE (Groundball, 4MD, EV 97.5 MPH)
Batting: LHB Ramiro Curran 0-0: Ball
1-0: Called Strike
1-1: Called Strike
1-2: Strikes out swinging
Batting: RHB James Allingham 0-0: Ball
1-0: Called Strike
1-1: Foul Ball, location: 2F
1-2: Ball
2-2: Fly out, F7 (Flyball, 7S, EV 81.9 MPH)
Batting: SHB Emílio Jover 0-0: Swinging Strike
0-1: Ball
1-1: Called Strike
1-2: Ball
2-2: Fielders Choice at 2nd, U6 (Groundball, 6M, EV 101.9 MPH)
Bottom of the 6th over - 0 runs, 1 hit, 0 errors, 1 left on base; Idaho Falls 1 - Athletic Club KC 6
TOP OF THE 7TH
Idaho Falls Chukars batting - Pitching for Athletic Club KC U-24 : LHP Dave Williams
Batting: RHB Vincent Robertson 0-0: Called Strike
0-1: Ball
1-1: Called Strike
1-2: Ball
2-2: Foul Ball, location: 2F
2-2: Strikes out looking
Batting: LHB Steve Jones 0-0: Ball
1-0: Ball
2-0: Called Strike
2-1: SINGLE (Groundball, 34, EV 95.0 MPH)
Batting: RHB Cor van Capelleveen 0-0: Ball
1-0: Called Strike
1-1: Ball
2-1: Ball
3-1: Foul Ball, location: 2F
3-2: Strikes out looking
Batting: LHB Taroemon Nishii 0-0: Ball
1-0: Ball
2-0: Swinging Strike
2-1: Called Strike
2-2: Strikes out looking
Top of the 7th over - 0 runs, 1 hit, 0 errors, 1 left on base; Idaho Falls 1 - Athletic Club KC 6
BOTTOM OF THE 7TH
Athletic Club KC U-24 batting - Pitching for Idaho Falls Chukars : RHP Andy Burns
Batting: RHB Yukinaga Hakui 0-0: Ball
1-0: Called Strike
1-1: Ball
2-1: Swinging Strike
2-2: Foul Ball, location: 2F
2-2: Foul Ball, location: 2F
2-2: Fly out, F8 (Flyball, 8LM, EV 85.0 MPH)
Batting: RHB Leon Burns 0-0: Called Strike
0-1: Reached on error, E5 (Groundball, 56, EV 88.1 MPH)
Batting: RHB Darren Hunt 0-0: Called Strike
0-1: Fly out, F7 (Flyball, 7LSF, EV 83.8 MPH)
Batting: SHB Benedito Ahulani 0-0: Ball
1-0: Foul Ball, location: 2F
1-1: Ground out 5-3 (Groundball, 5L, EV 85.6 MPH)
Bottom of the 7th over - 0 runs, 0 hits, 1 error, 1 left on base; Idaho Falls 1 - Athletic Club KC 6
TOP OF THE 8TH
Idaho Falls Chukars batting - Pitching for Athletic Club KC U-24 : LHP Dave Williams
Batting: RHB Matt Fuller 0-0: Called Strike
0-1: Ball
1-1: Swinging Strike
1-2: Ball
2-2: Strikes out looking
Batting: LHB Alberto Medellín 0-0: Called Strike
0-1: Fly out, F9 (Flyball, 9LM, EV 91.2 MPH)
Batting: RHB Nelson Moore 0-0: Called Strike
0-1: Foul Ball, location: 2F
0-2: Ball
1-2: Ball
2-2: Strikes out looking
Top of the 8th over - 0 runs, 0 hits, 0 errors, 0 left on base; Idaho Falls 1 - Athletic Club KC 6
BOTTOM OF THE 8TH
Athletic Club KC U-24 batting - Pitching for Idaho Falls Chukars : RHP Andy Burns
Batting: RHB Pedro Píaz 0-0: Called Strike
0-1: Fly out, F9 (Flyball, 9S, EV 90.6 MPH)
Batting: LHB Greg Flynn 0-0: Swinging Strike
0-1: Fly out, F9 (Flyball, 9S, EV 97.5 MPH)
Batting: LHB Ramiro Curran 0-0: Ball
1-0: Ball
2-0: DOUBLE (Line Drive, 8LXD, EV 106.9 MPH) - OUT at third base trying to stretch hit.
Bottom of the 8th over - 0 runs, 1 hit, 0 errors, 0 left on base; Idaho Falls 1 - Athletic Club KC 6
TOP OF THE 9TH
Idaho Falls Chukars batting - Pitching for Athletic Club KC U-24 : LHP Dave Williams
Batting: RHB Tony Moore 0-0: SINGLE (Groundball, 6MD, EV 106.9 MPH)
Pitching: RHP Yun-tae Yi
Batting: RHB Nick Yeend 0-0: Called Strike
0-1: Ball
1-1: SINGLE (Groundball, 34D, EV 96.2 MPH)
Tony Moore to second
Batting: RHB Vincent Robertson 0-0: Ball
1-0: Swinging Strike
1-1: Ball
2-1: SINGLE (Flyball, 78M, EV 96.9 MPH)
Tony Moore to third
Nick Yeend to second
Pitching: RHP John Morgan
Batting: LHB Steve Jones 0-0: Ball
1-0: Swinging Strike
1-1: Ball
2-1: Foul Ball, location: 2F
2-2: Reached via error on a dropped throw from 2B, E6 (Groundball, 4, EV 99.4 MPH)
Tony Moore scores
Nick Yeend to third
Vincent Robertson to second
Batting: RHB Cor van Capelleveen 0-0: Called Strike
0-1: Foul Ball, location: 2F
0-2: Strikes out looking
Batting: LHB Taroemon Nishii 0-0: Ball
1-0: Called Strike
1-1: Ball
2-1: Ball
3-1: Base on Balls
Nick Yeend scores
Vincent Robertson to third
Steve Jones to second
Batting: RHB Matt Fuller 0-0: Ball
1-0: Called Strike
1-1: Ball
2-1: Ball
3-1: Base on Balls
Vincent Robertson scores
Steve Jones to third
Taroemon Nishii to second
Batting: LHB Alberto Medellín 0-0: SINGLE (Groundball, 4MD, EV 107.5 MPH)
Steve Jones scores
Taroemon Nishii to third
Matt Fuller to second
Runner from 3rd tries for Home, SAFE, throw by CF to home
Batting: RHB Nelson Moore 0-0: Ball
1-0: Ball
2-0: Ball
3-0: Foul Ball, location: 2F
3-1: Foul Ball, location: 2F
3-2: Strikes out swinging
Batting: RHB Tony Moore 0-0: Fly out, F8 (Flyball, 8RS, EV 89.4 MPH)
Top of the 9th over - 5 runs, 4 hits, 1 error, 2 left on base; Idaho Falls 6 - Athletic Club KC 6
BOTTOM OF THE 9TH
Athletic Club KC U-24 batting - Pitching for Idaho Falls Chukars : RHP Andy Burns
Batting: RHB James Allingham 0-0: Ball
1-0: Ground out 4-3 (Groundball, 34, EV 83.1 MPH)
Batting: SHB Emílio Jover 0-0: Ball
1-0: Called Strike
1-1: Foul Ball, location: 2F
1-2: DOUBLE (Flyball, 78D, EV 93.8 MPH)
Pinch Hitting: SHB Osvaldo Ardiles 0-0: Intentional Walk
Pitching: RHP Miguel Bruno
Pinch Hitting: RHB Morton Scott 0-0: Called Strike
0-1: Ball
1-1: Foul Ball, location: 2F
1-2: Foul Ball, location: 2F
1-2: Ball
2-2: Ball
3-2: Foul Ball, location: 2F
3-2: Foul Ball, location: 2F
3-2: Foul Ball, location: 2F
3-2: SINGLE (Groundball, 4MD, EV 99.4 MPH)
Emílio Jover to third
Osvaldo Ardiles to second
Batting: RHB Darren Hunt 0-0: Ball
1-0: Swinging Strike
1-1: Foul Ball, location: 2F
1-2: Ball
2-2: Foul Ball, location: 2F
2-2: Strikes out swinging
Batting: SHB Benedito Ahulani 0-0: Called Strike
0-1: Fly out, F5 (Line Drive, 5, EV 68.1 MPH)
Bottom of the 9th over - 0 runs, 2 hits, 0 errors, 3 left on base; Idaho Falls 6 - Athletic Club KC 6
TOP OF THE 10TH
Idaho Falls Chukars batting - Pitching for Athletic Club KC U-24 : RHP John Morgan
Pitching: RHP Jeffrey Strickland
Now at 3B: David Bosingwa
Now at SS: Francisco Rojas
Batting: RHB Nick Yeend 0-0: Ball
1-0: Called Strike
1-1: Foul Ball, location: 2F
1-2: Strikes out swinging
Pinch Hitting: RHB James Childs 0-0: Ball
1-0: Foul Ball, location: 2F
1-1: Ball
2-1: Swinging Strike
2-2: Ball
3-2: Strikes out swinging
Batting: LHB Steve Jones 0-0: Ball
1-0: Swinging Strike
1-1: Ball
2-1: Called Strike
2-2: Strikes out swinging
Top of the 10th over - 0 runs, 0 hits, 0 errors, 0 left on base; Idaho Falls 6 - Athletic Club KC 6
BOTTOM OF THE 10TH
Athletic Club KC U-24 batting - Pitching for Idaho Falls Chukars : RHP Miguel Bruno
Pitching: RHP Jason Walker
Now at 2B: José Vásquez
Batting: RHB Pedro Píaz 0-0: Ball
1-0: Foul Ball, location: 2F
1-1: Swinging Strike
1-2: Foul Ball, location: 2F
1-2: Strikes out swinging
Batting: LHB Greg Flynn 0-0: Called Strike
0-1: Ball
1-1: Called Strike
1-2: Ball
2-2: Foul Ball, location: 2F
2-2: Fly out, F8 (Flyball, 8RM, EV 88.1 MPH)
Batting: LHB Ramiro Curran 0-0: Foul Ball, location: 2F
0-1: Fly out, F7 (Flyball, 7, EV 85.0 MPH)
Bottom of the 10th over - 0 runs, 0 hits, 0 errors, 0 left on base; Idaho Falls 6 - Athletic Club KC 6
TOP OF THE 11TH
Idaho Falls Chukars batting - Pitching for Athletic Club KC U-24 : RHP Jeffrey Strickland
Pitching: RHP Oliver Rúbio
Batting: RHB Cor van Capelleveen 0-0: Called Strike
0-1: Fly out, F6 (Flyball, 6MD, EV 86.9 MPH)
Batting: LHB Taroemon Nishii 0-0: Ball
1-0: Ball
2-0: Swinging Strike
2-1: SINGLE (Groundball, 4MD, EV 101.9 MPH)
Batting: RHB Matt Fuller 0-0: Called Strike
0-1: Ball
1-1: Ball
2-1: TRIPLE (Flyball, 89XD, EV 98.8 MPH)
Taroemon Nishii scores
Batting: LHB Alberto Medellín 0-0: Called Strike
0-1: Foul Ball, location: 2F
0-2: Ball
1-2: SINGLE (Flyball, 89S, EV 90.6 MPH)
Matt Fuller scores
Batting: RHB Nelson Moore 0-0: Ball
1-0: Foul Ball, location: 2F
1-1: Called Strike
1-2: Foul Ball, location: 2F
1-2: Strikes out swinging
Batting: RHB Tony Moore 0-0: Ball
1-0: Called Strike
1-1: 2-RUN HOME RUN (Flyball, 7D, EV 102.5 MPH), Distance : 380 ft
Pitching: LHP Keiran Dalley
Batting: RHB Nick Yeend 0-0: Called Strike
0-1: Foul Ball, location: 2F
0-2: Ball
1-2: Ball
2-2: Strikes out swinging
Top of the 11th over - 4 runs, 4 hits, 0 errors, 0 left on base; Idaho Falls 10 - Athletic Club KC 6
BOTTOM OF THE 11TH
Athletic Club KC U-24 batting - Pitching for Idaho Falls Chukars : RHP Jason Walker
Batting: RHB James Allingham 0-0: Called Strike
0-1: Ball
1-1: SINGLE (Groundball, 4, EV 108.1 MPH) (infield hit)
Batting: SHB Emílio Jover 0-0: Called Strike
0-1: Foul Ball, location: 2F
0-2: Foul Ball, location: 2F
0-2: Ball
1-2: Ball
2-2: Strikes out swinging
Batting: SHB Francisco Rojas 0-0: Called Strike
0-1: Ball
1-1: Called Strike
1-2: Foul Ball, location: 2F
1-2: Ball
2-2: Foul Ball, location: 2F
2-2: Foul Ball, location: 2F
2-2: DOUBLE (Line Drive, 78D, EV 106.9 MPH)
James Allingham to third
Pitching: LHP Donnie Ash
Batting: RHB David Bosingwa 0-0: Called Strike
0-1: Ground out 4-3 (Groundball, 4, EV 98.1 MPH)
James Allingham scores
Francisco Rojas to third
Batting: RHB Darren Hunt 0-0: Ball
1-0: Called Strike
1-1: Ball
2-1: Ball
3-1: Base on Balls
Batting: SHB Benedito Ahulani 0-0: Ball
1-0: Foul Ball, location: 2F
1-1: Called Strike
1-2: Ball
2-2: Ball
3-2: Fly out, F9 (Flyball, 9, EV 85.6 MPH)
Bottom of the 11th over - 1 run, 2 hits, 0 errors, 2 left on base; Idaho Falls 10 - Athletic Club KC 7
Friday, March 26th, 2021 - OOTP Baseball 20.8 Build 74